 Dungeon Crawl Stone Soup version 0.20.1-1-g8b1a95d (webtiles) character file.

19985 theAP the Geomancer (level 12, -10/76 HPs)
             Began as a Gargoyle Earth Elementalist on Sept 7, 2017.
             Was a High Priest of Vehumet.
             Mangled by a komodo dragon (23 damage)
             ... on level 3 of the Lair of Beasts.
             The game lasted 00:54:43 (13978 turns).

theAP the Geomancer (Gargoyle Earth Elementalist)  Turns: 13978, Time: 00:54:44

Health: -10/76     AC: 16    Str: 12    XL:     12   Next: 74%
Magic:  17/27      EV: 14    Int: 24    God:    Vehumet [*****.]
Gold:   480        SH:  0    Dex: 16    Spells: 10/29 levels left

rFire    + . .     SeeInvis .   D - +1 whip (elec)
rCold    x . .     Gourm    .   (no shield)
rNeg     + . .     Faith    +   F - +1 robe of Chimes {+Inv Int+3 Dex+6}
rPois    ∞         Spirit   .   E - +2 helmet of the Morning {Str+2}
rElec    +         Reflect  .   j - +0 cloak
rCorr    .         Harm     .   l - +0 pair of gloves
MR       .....                  (no boots)
Stlth    ++........             B - amulet of faith
Regen    0.3/turn               f - ring of fire
MPRegen  0.2/turn               b - ring of wizardry

@: no status effects
A: repulsion field 1, high mp 1, negative energy resistance 1, electricity
resistance, weak 1, unbreathing, petrification resistance, rot immunity, subdued
magic 1, AC +8
a: Renounce Religion, Evoke Invisibility


You were on level 3 of the Lair of Beasts.
You worshipped Vehumet.
Vehumet was extremely pleased with you.
You were not hungry.

You visited 3 branches of the dungeon, and saw 15 of its levels.

You collected 920 gold pieces.
You spent 440 gold pieces at shops.

Inventory:

Hand Weapons
 D - a +1 whip of electrocution (weapon)
 G - the +5 whip of a bazaar {vamp, rF+ rC+, unknown}
   (You took it off an orc on level 8 of the Dungeon)

   It inflicts no extra harm, but heals its wielder when it wounds a living foe.
   It protects you from fire.
   It protects you from cold.
 L - a +1 whip of freezing
Missiles
 M - 103 stones (quivered)
Armour
 j - a +0 cloak (worn)
 l - a +0 pair of gloves (worn)
 y - a cursed +0 shield
 E - the +2 helmet of the Morning (worn) {Str+2}
   (You bought it in a shop on level 6 of the Dungeon)

   It affects your strength (+2).
 F - the +1 robe of Chimes (worn) {+Inv Int+3 Dex+6}
   (You bought it in a shop on level 6 of the Dungeon)

   It affects your intelligence (+3).
   It affects your dexterity (+6).
   It lets you turn invisible.
Magical Staves
 q - an uncursed staff of fire
 H - an uncursed staff of summoning
Jewellery
 b - a ring of wizardry (right hand)
 c - an uncursed ring of loudness
 f - a ring of fire (left hand)
 B - an amulet of faith (around neck)
 T - an uncursed amulet of guardian spirit
Wands
 s - a wand of random effects (31/48)
 w - a wand of flame (17/48)
 A - a wand of acid (13/15)
 K - a wand of paralysis (6/24)
 S - a wand of iceblast (3/15)
Scrolls
 a - 6 scrolls of teleportation
 g - 10 scrolls of identify
 m - 3 scrolls of enchant armour
 n - a scroll of magic mapping
 o - a scroll of fog
 p - 4 scrolls of remove curse
 x - 2 scrolls of recharging
 z - 3 scrolls of enchant weapon
 O - a scroll of fear
 P - a scroll of holy word
 U - a scroll of blinking
Potions
 h - 4 potions of agility
 r - 2 potions of brilliance
 t - 2 potions of magic
 u - 5 potions of haste
 v - 3 potions of curing
 C - a potion of mutation
 R - 2 potions of might
 V - a potion of heal wounds
Books
 e - a book of Geomancy

   Spells                             Type                      Level
   a - Sandblast                      Earth                        1
   b - Passwall                       Transmutation/Earth          2
   c - Stone Arrow                    Conjuration/Earth            3
   d - Petrify                        Transmutation/Earth          4
   e - Lee's Rapid Deconstruction     Earth                        5
 Q - a book of Frost

   Spells                             Type                      Level
   a - Freeze                         Ice                          1
   b - Throw Frost                    Conjuration/Ice              2
   c - Ozocubu's Armour               Charms/Ice                   3
   d - Throw Icicle                   Conjuration/Ice              4
   e - Summon Ice Beast               Ice/Summoning                4
Miscellaneous
 I - a box of beasts
 N - a crystal ball of energy
Comestibles
 d - 6 bread rations
 i - 16 fruits
 k - 14 meat rations
 J - 2 royal jellies


   Skills:
 + Level 9.3 Fighting
 + Level 8.4 Maces & Flails
 - Level 1.5 Dodging
 - Level 2.1 Stealth
 + Level 9.2 Spellcasting
 + Level 9.6 Conjurations
   Level 0.7 Transmutations
 + Level 12.1 Earth Magic
 + Level 4.3 Evocations


You had 10 spell levels left.
You knew the following spells:

 Your Spells              Type           Power        Failure   Level  Hunger
a - Sandblast             Erth           ######       0%          1    None
b - Stone Arrow           Conj/Erth      #####.       1%          3    None
c - Lee's Rapid Deconstr  Erth           ######....   1%          5    ####...
d - Conjure Flame         Conj/Fire      #####...     1%          3    None
e - Orb of Destruction    Conj           #####.....   10%         7    #######


Dungeon Overview and Level Annotations

Branches:
Dungeon (11/15)            Temple (1/1) D:4            Lair (3/6) D:9
  Swamp: Lair:2-4    Shoals: Lair:2-4     Snake: Lair:2-4    Spider: Lair:2-4
    Orc: D:9-12

Altars:
Ashenzari
Cheibriados
Dithmenos
Elyvilon
Fedhas
Gozag
Hepliaklqana
Kikubaaqudgha
Makhleb
Nemelex Xobeh
Okawaru
Qazlal
Ru
Sif Muna
Trog
Uskayaw
Vehumet
Xom
Yredelemnul
Zin
The Shining One

Shops:
D:6 ![   D:10 =

Annotations:
D:5 Edmund


Innate Abilities, Weirdness & Mutations

You are resistant to torment.
Your stone body is resilient. (AC +8)
You are immune to poison.
You resist negative energy. (rN+)
You are resistant to electric shocks. (rElec)
You can survive without breathing.
You are immune to petrification.
You are immune to rotting.
You are surrounded by a mild repulsion field. (EV +2)
You have an increased reservoir of magic. (+10% MP)
You are weak. (Str -2)
Your spells are a little easier to cast, but a little less powerful.


Message History

The komodo dragon bites you but does no damage.
You hit the komodo dragon but do no damage.
Lightning courses through the komodo dragon!
The komodo dragon is severely wounded.
The spiny frog stings you! The komodo dragon closely misses you.
You hit the komodo dragon.
The komodo dragon is almost dead.
The spiny frog barely misses you.
You hit the komodo dragon but do no damage.
The komodo dragon is almost dead.
The komodo dragon closely misses you. The spiny frog stings you!!
* * * LOW HITPOINT WARNING * * *
You hit the komodo dragon but do no damage.
The komodo dragon is almost dead.
The komodo dragon barely misses you.
The spiny frog stings you but does no damage.
You feel better. The spiny frog stings you.
* * * LOW HITPOINT WARNING * * *
The komodo dragon bites you!!
You die...

.>...........#
.........!...#
..............## .P
...............# ..#
..........†.†..###^..#
...........††........P
...................P.P
...........lF†........
............@.........
..............#......#
........<.....#.....##
...................##
.......<...........#
..............#....#
..............#.....
...................
................ #.


You could see a komodo dragon and a spiny frog.

Vanquished Creatures
  2 hydras
  A centaur warrior (D:8)
  3 two-headed ogres
  Nergalle (Lair:1)
  Pikel (D:8)
  An ugly thing (D:8)
  A black mamba (Lair:1)
  Psyche (D:8)
  Maurice (D:8)
  A centaur skeleton (D:10)
  A rime drake (D:9)
  3 spiny frogs
  A komodo dragon (Lair:1)
  A polar bear (Lair:2)
  8 dream sheep
  4 hippogriffs
  Grum (Lair:1)
  13 yaks
  A basilisk (Lair:3)
  2 wargs (D:9)
  3 water moccasins (Lair:1)
  8 orc warriors
  3 porcupines
  A slave (D:8)
  3 ice beasts
  3 sky beasts
  2 phantoms
  7 centaurs
  9 wolves
  2 ogres
  4 crocodiles
  3 big kobolds (D:11)
  16 bullfrogs
  A gnoll sergeant (D:8)
  A wyvern zombie (D:8)
  A water moccasin zombie (D:8)
  4 scorpions
  4 wights
  6 howler monkeys
  2 crimson imps
  2 bullfrog zombies
  A centaur zombie (D:8)
  A bullfrog skeleton (D:5)
  6 hounds
  5 jellies
  4 orc wizards
  9 orc priests
  2 gnoll shamans
  2 iguanas
  7 worker ants
  A hound skeleton (D:3)
  15 gnolls
  6 adders
  4 shadow imps
  An ooze (D:3)
  2 worms (D:3)
  An adder zombie (D:8)
  A dart slug (D:1)
  7 leopard geckos
  36 orcs
  6 giant cockroaches
  9 hobgoblins
  8 jackals
  8 quokkas
  A ball python (D:3)
  7 bats
  4 frilled lizards
  9 goblins
  10 kobolds
  A leopard gecko skeleton (D:4)
  9 rats
316 creatures vanquished.

Vanquished Creatures (others)
  A slave (D:11)
  An orc (D:11)
  6 plants (Lair:2)
8 creatures vanquished.

Grand Total: 324 creatures vanquished

Notes
Turn   | Place    | Note
-------+----------+-------------------------------------------
     0 | D:1      | theAP the Gargoyle Earth Elementalist began the quest for the Orb.
     0 | D:1      | Reached XP level 1. HP: 10/10 MP: 3/3
   392 | D:1      | Reached XP level 2. HP: 15/15 MP: 5/5
   510 | D:1      | Reached skill level 4 in Earth Magic
   800 | D:1      | Reached XP level 3. HP: 19/19 MP: 4/7
  1260 | D:2      | Found a shimmering altar of Xom.
  2063 | D:3      | Reached XP level 4. HP: 10/24 MP: 9/9
  2310 | D:3      | Learned a level 3 spell: Stone Arrow
  2319 | D:3      | Reached XP level 5. HP: 8/28 MP: 1/10
  2344 | D:3      | Reached skill level 5 in Earth Magic
  2449 | D:3      | Reached skill level 1 in Conjurations
  2991 | D:4      | Found a staircase to the Ecumenical Temple.
  2997 | D:4      | Reached XP level 6. HP: 6/32 MP: 3/12
  3284 | Temple   | Entered the Ecumenical Temple
  3443 | Temple   | Became a worshipper of Vehumet
  3731 | D:4      | Noticed a phantom
  3738 | D:4      | Killed a phantom
  3738 | D:4      | Reached skill level 6 in Earth Magic
  3921 | D:4      | Reached XP level 7. HP: 36/36 MP: 10/14
  4053 | D:5      | Entered Level 5 of the Dungeon
  4077 | D:5      | Found an opulent altar of Gozag.
  4308 | D:5      | Reached skill level 5 in Spellcasting
  4557 | D:5      | Reached skill level 1 in Fighting
  4610 | D:5      | Reached * piety under Vehumet
  4610 | D:5      | Offered knowledge of Magic Dart by Vehumet.
  4687 | D:5      | Noticed Edmund
  4919 | D:5      | Reached skill level 1 in Maces & Flails
  5090 | D:5      | Reached XP level 8. HP: 44/44 MP: 13/15
  5395 | D:6      | Reached skill level 7 in Earth Magic
  5835 | D:6      | Found Joegh's Distillery.
  5933 | D:6      | Found Firarrixy's Antique Armour Shop.
  5936 | D:6      | Bought a slimy helmet for 275 gold pieces
  5936 | D:6      | Bought a fine robe for 165 gold pieces
  5946 | D:6      | Identified the +2 helmet of the Morning {Str+2} (You bought it in a shop on level 6 of the Dungeon)
  5956 | D:6      | Identified the cursed +1 robe of Chimes {+Inv Int+3 Dex+6} (You bought it in a shop on level 6 of the Dungeon)
  6039 | D:6      | Reached skill level 5 in Conjurations
  6287 | D:7      | Found a sacrificial altar of Ru.
  6447 | D:7      | Reached ** piety under Vehumet
  6480 | D:7      | Offered knowledge of Flame Tongue by Vehumet.
  6485 | D:7      | Reached XP level 9. HP: 52/52 MP: 4/18
  6576 | D:7      | Learned a level 5 spell: Lee's Rapid Deconstruction
  6636 | D:7      | Reached skill level 8 in Earth Magic
  6950 | D:8      | Noticed Maurice
  6970 | D:8      | Noticed Psyche
  6973 | D:8      | Killed Psyche
  7063 | D:8      | Noticed a centaur warrior
  7071 | D:8      | Killed a centaur warrior
  7071 | D:8      | Reached skill level 5 in Fighting
  7205 | D:8      | Killed Maurice
  7205 | D:8      | Reached skill level 5 in Maces & Flails
  7205 | D:8      | Reached XP level 10. HP: 59/59 MP: 1/20
  7271 | D:8      | Offered knowledge of Throw Flame by Vehumet.
  7271 | D:8      | Reached skill level 9 in Earth Magic
  7484 | D:8      | Noticed a two-headed ogre
  7488 | D:8      | Killed a two-headed ogre
  7617 | D:8      | Noticed a five-headed hydra
  7652 | D:8      | Killed a five-headed hydra
  7665 | D:8      | Reached *** piety under Vehumet
  7669 | D:8      | Got a steaming whip {vamp}
  8273 | D:8      | Offered knowledge of Static Discharge by Vehumet.
  8303 | D:8      | Noticed a brown ugly thing
  8318 | D:8      | Killed a brown ugly thing
  8416 | D:8      | Gained mutation: Your spells are a little easier to cast, but a little less powerful. [mutagenic meat]
  8417 | D:8      | Gained mutation: You have an increased reservoir of magic. (+10% MP) [mutagenic meat]
  8418 | D:8      | Gained mutation: You are surrounded by a mild repulsion field. (EV +2) [mutagenic meat]
  8634 | D:8      | Reached skill level 10 in Earth Magic
  8757 | D:8      | Gained mutation: You are weak. (Str -2) [mutagenic meat]
  8804 | D:8      | Noticed Pikel
  8808 | D:8      | Killed Pikel
  8808 | D:8      | Reached XP level 11. HP: 66/67 MP: 6/25
  9625 | D:9      | Reached **** piety under Vehumet
  9669 | D:9      | Found a staircase to the Lair.
  9899 | D:10     | Entered Level 10 of the Dungeon
  9925 | D:10     | Offered knowledge of Conjure Flame by Vehumet.
  9930 | D:10     | Learned a level 3 spell: Conjure Flame
 10079 | D:10     | Found Woerea Migg's Jewellery Boutique.
 10255 | D:10     | Noticed a two-headed ogre
 10259 | D:10     | Killed a two-headed ogre
 10259 | D:10     | Reached skill level 1 in Evocations
 10764 | D:10     | Noticed a two-headed ogre
 10767 | D:10     | Killed a two-headed ogre
 11166 | D:11     | Noticed a three-headed hydra
 11183 | D:11     | Killed a three-headed hydra
 11183 | D:11     | Reached skill level 11 in Earth Magic
 11428 | D:11     | Reached ***** piety under Vehumet
 11430 | D:11     | Offered knowledge of Orb of Destruction by Vehumet.
 11439 | D:11     | Learned a level 7 spell: Orb of Destruction
 11462 | D:11     | Noticed a cyclops
 11600 | D:11     | Reached XP level 12. HP: 55/75 MP: 1/27
 11764 | Lair:1   | Entered Level 1 of the Lair of Beasts
 12007 | Lair:1   | Noticed Nergalle
 12033 | Lair:1   | Killed Nergalle
 12558 | Lair:1   | Noticed Grum
 12669 | Lair:1   | Killed Grum
 13490 | Lair:2   | Reached skill level 12 in Earth Magic
 13978 | Lair:3   | Mangled by a komodo dragon

Skill      XL: |  1  2  3  4  5  6  7  8  9 10 11 12 |
---------------+-------------------------------------+-----
Earth Magic    | 4 5 6 7 8 10 11 12 | 12.1
Spellcasting   | 3 4 5 6 7 8 9 |  9.2
Conjurations   | 1 3 4 5 6 7 8 9 |  9.6
Fighting       | 1 3 5 7 8 9 |  9.3
Maces & Flails | 1 3 5 6 7 8 |  8.4
Evocations     | 3 4 |  4.3
Dodging        | |  1.5
Stealth        | |  2.1
Transmutations | |  0.7

Action                   |  1- 3 |  4- 6 |  7- 9 | 10-12 || total
-------------------------+-------+-------+-------+-------++-------
Melee: Unarmed           |    19 |       |       |       ||    19
       Whip              |    44 |   132 |     6 |    85 ||   267
 Cast: Sandblast         |    54 |    31 |   114 |   155 ||   354
       Stone Arrow       |       |    12 |    33 |   188 ||   233
       Lee's Rapid Decon |       |       |     4 |    15 ||    19
       Conjure Flame     |       |       |       |     1 ||     1
  Use: Scroll            |     4 |     3 |    11 |    10 ||    28
       Potion            |       |     4 |       |     2 ||     6
 Stab: Distracted        |     1 |       |       |       ||     1
       Sleeping          |       |     1 |       |       ||     1
  Eat: Chunk             |     4 |     2 |     9 |    20 ||    35
       Royal jelly       |       |     2 |       |     5 ||     7
       Fruit             |       |       |     3 |     1 ||     4
Armor: Robe              |    40 |    48 |    15 |    77 ||   180
Dodge: Dodged            |    91 |    97 |    27 |   140 ||   355
